 Dungeon Crawl Stone Soup version 0.29-a0-998-g1987434951 (webtiles) character file.

Game seed: 14592988340762991079

252 IdlyInterested the Cudgeller (level 5, -2/57 HPs)
             Began as a Demonspawn Gladiator on Aug 5, 2022.
             Slain by a wraith (3 damage)
             ... in an ossuary.
             The game lasted 00:09:13 (3469 turns).

IdlyInterested the Cudgeller (Demonspawn Gladiator) Turns: 3469, Time: 00:09:13

Health: -2/57      AC: 22    Str: 16    XL:     5   Next: 89%
Magic:  6/6        EV:  2    Int:  9    God:
Gold:   141        SH:  0    Dex: 15    Spells: 6/6 levels left

rFire   . . .      SeeInvis .   m - +1 flail (protect)
rCold   . . .      Faith    .   (no shield)
rNeg    . . .      Spirit   .   (body armour currently unavailable)
rPois   +          Reflect  .   (helmet currently unavailable)
rElec   .          Harm     .   (cloak currently unavailable)
rCorr   .          Rampage  .   (gloves currently unavailable)
Will    .....      NoTele   +   (boots currently unavailable)
Stlth   ++........              (no amulet)
HPRegen 0.19/turn               (no ring)
MPRegen 0.10/turn               (no ring)

@: tree-form, slowed, very slow
A: stationary, stasis, torment immunity, boosted hp, (claws 1), (slimy green
scales 1)
a: no special abilities


You were in an ossuary.
You were a tree.
You visited 1 branch of the dungeon, and saw 4 of its levels.
You also visited: Ossuary.

You collected 141 gold pieces.

Inventory:

Hand Weapons
 a - a +0 flail
 m - a +1 flail of protection (weapon)
Missiles
 d - 2 throwing nets (quivered)
 e - 3 poisoned darts
Armour
 i - a +2 helmet (melded)
 l - the +3 leather armour "Ysmiwid" (melded) {rCorr}
   (You found it on level 3 of the Dungeon)

   rCorr:     It protects you from acid and corrosion.
Wands
 g - a wand of iceblast (8)
Scrolls
 c - 2 scrolls of identify
 k - 4 scrolls of teleportation
 n - a scroll of enchant weapon
 o - a scroll of fog {unknown}
 p - a scroll of magic mapping
 q - a scroll of poison
Potions
 h - a potion of magic
 j - a potion of attraction


   Skills:
 - Level 2.0 Fighting
 * Level 5.3 Maces & Flails
 - Level 1.7 Throwing
 - Level 2.6 Dodging
 - Level 1.0 Stealth
 + Level 1.7 Unarmed Combat
 - Level 1.0 Spellcasting
 - Level 1.0 Evocations


You had 6 spell levels left.
You didn't know any spells.
Your spell library contained the following spells:

 Spells                   Type           Power      Damage    Failure   Level
 Sting                    Tmut/Pois      0%         1d3       36%         1
 Portal Projectile        Hex/Tloc       0%         N/A       73%         3
 Tukima's Dance           Hex            0%         N/A       73%         3
 Blade Hands              Tmut           0%         N/A       100%        5


Dungeon Overview and Level Annotations

Branches:
Dungeon (4/15)            Ossuary (1/1)
 Temple: D:4-7

Altars:
Okawaru


Innate Abilities, Weirdness & Mutations

You are a tree.
Your roots penetrate the ground, keeping you stationary.
You cannot be teleported.
You are immune to unholy pain and torment.
Your maximum health is greatly increased.
Your equipment is partially melded.
((You have sharp fingernails.))
((You are partially covered in slimy green scales. (AC +2)))


Message History

The wraith is lightly damaged.
The wraith hits you but does no damage. x2
You hit the wraith.
The wraith is lightly damaged.
You feel yourself speed up. The wraith barely misses you.
The wraith hits you but does no damage.
You hit the wraith but do no damage. You claw the wraith, but do no damage.
The wraith is lightly damaged.
The wraith hits you but does no damage.
You closely miss the wraith.
The wraith is lightly damaged.
The wraith hits you but does no damage.
You barely miss the wraith.
The wraith is lightly damaged.
The wraith hits you but does no damage.
You closely miss the wraith.
The wraith is lightly damaged.
The wraith hits you! The wraith drains your vigour!
You feel yourself slow down.
You hit the wraith but do no damage.
The wraith is lightly damaged.
The wraith barely misses you. The wraith hits you!
* * * LOW HITPOINT WARNING * * *
As you read the scroll labelled XOMUESAPRO, it crumbles to dust.
It is a scroll of enchant weapon.
Your +0 flail of protection glows red for a moment.
The wraith hits you but does no damage.
You hit the wraith but do no damage.
The wraith is lightly damaged.
The wraith hits you but does no damage. The wraith closely misses you.
You closely miss the wraith.
The wraith is lightly damaged.
The wraith hits you!
* * * LOW HITPOINT WARNING * * *
The wraith closely misses you.
Really quaff the potion of lignification?
You turn into a tree.
Your +2 helmet melds into your body.
The +3 leather armour "Ysmiwid" {rCorr} melds into your body.
Your roots penetrate the ground.
The wraith hits you.
You die...

##########################
.........................#
.∩.....................∩.#
.......#####+#####.......#
......##.........##......#
.....##...#####...##.....#
....##...##...##...##....#
....#...##.?!?.##...#....#
....+...#.??!?!W♣...'....#
....#...##.!...##...#....#
....##...##(..##...##....#
.....##...#####...##.....#
......##.........##......#
.......#####+#####.......#
.∩.....................∩.#
.........................#
###########'''############


You could see a wraith.

Vanquished Creatures
  A scorpion (D:4)
  Terence (D:2)
  A mummy (Ossuary)
  4 adders
  3 gnolls (D:3)
  A worm (D:2)
  4 dart slugs
  3 orcs
  4 ball pythons
  7 bats
  8 endoplasms
  A giant cockroach (D:4)
  6 goblins
  6 hobgoblins
  4 quokkas (D:1)
  2 frilled lizards
  5 gnoll skeletons (Ossuary)
  3 kobolds
  10 kobold skeletons (Ossuary)
  10 orc skeletons (Ossuary)
  4 rats
88 creatures vanquished.

Notes
Turn   | Place    | Note
-------+----------+-------------------------------------------
     0 | D:1      | IdlyInterested the Demonspawn Gladiator began the quest for
                  | the Orb.
     0 | D:1      | Reached XP level 1. HP: 16/16 MP: 1/1
   257 | D:1      | Reached skill level 3 in Maces & Flails
   259 | D:1      | Gained mutation: You are partially covered in slimy green
                  | scales. (AC +2) [demonic ancestry]
   259 | D:1      | Reached XP level 2. HP: 14/22 MP: 2/2
   475 | D:1      | Reached skill level 1 in Evocations
   540 | D:1      | Found a faded altar of an unknown god.
   589 | D:1      | Got Plato's Discursus on Toxins
   844 | D:1      | Reached XP level 3. HP: 26/27 MP: 3/3
  1387 | D:2      | Noticed Terence
  1423 | D:2      | Killed Terence
  1424 | D:2      | Reached skill level 1 in Spellcasting
  1426 | D:2      | Reached skill level 4 in Maces & Flails
  1962 | D:2      | Gained mutation: You have sharp fingernails. [demonic
                  | ancestry]
  1962 | D:2      | Reached XP level 4. HP: 9/33 MP: 5/5
  2634 | D:3      | Reached skill level 1 in Stealth
  2754 | D:3      | Reached XP level 5. HP: 18/38 MP: 6/6
  3007 | D:3      | Identified the +3 leather armour "Ysmiwid" {rCorr}
  3106 | D:3      | You fall into a shaft and drop 1 floor!
  3133 | D:4      | Reached skill level 5 in Maces & Flails
  3133 | D:4      | Reached skill level 1 in Unarmed Combat
  3174 | D:4      | Found an iron altar of Okawaru.
  3248 | D:4      | Found a sand-covered staircase.
  3257 | Ossuary  | Entered an ossuary
  3257 | Ossuary  | Noticed a wraith
  3257 | Ossuary  | Noticed a wraith
  3257 | Ossuary  | Noticed a wraith
  3422 | Ossuary  | Noticed a wraith
  3468 | Ossuary  | HP: 1/38 [wraith (11)]
  3469 | Ossuary  | Slain by a wraith

Illustrated notes

Levels and vault maps discovered:
D:1:      dpeg_arrival_three_smaller_balls, layout_basic,
          shapermc_ecumenical_altar_rom_forum, minivault_26, nrook_mini_vaults,
          minmay_pentomino_r4
D:2:      layout_rooms, chequers_serial_rivers_micro_c, uniq_terence
D:3:      layout_basic, item_on_display_a
D:4:      layout_cave_pools, okawaru_gym_becter,
          nicolae_dithmenos_shadow_blocks, enter_ossuary_3, uniq_ijyb
Ossuary:  ossuary_due_mausoleum

Skill      XL: |  1  2  3  4  5 |
---------------+----------------+-----
Maces & Flails | 3 4 5 |  5.3
Evocations     | 1 |  1.0
Spellcasting   | 1 |  1.0
Stealth        | 1 |  1.0
Unarmed Combat | 1 |  1.7
Fighting       | |  2.0
Throwing       | |  1.7
Dodging        | |  2.6

Action                   |  1- 3 |  4- 6 || total
-------------------------+-------+-------++-------
Melee: Flail             |   132 |   176 ||   308
       Punch             |     1 |     1 ||     2
Throw: Javelin           |     1 |     1 ||     2
       Throwing net      |     1 |       ||     1
  Use: Scroll            |     4 |     8 ||    12
       Potion            |       |     1 ||     1
 Stab: Sleeping          |     1 |       ||     1
Armor: Leather armour    |     2 |    55 ||    57
       Ring mail         |    39 |       ||    39
       Chain mail        |    24 |    53 ||    77
Dodge: Dodged            |    69 |   108 ||   177

Table legend: (Time is in decaauts)
 A = Elapsed time spent in this place.
 B = Non-inter-level travel time spent in this place.
 C = Inter-level travel time spent in this place.
 D = Time resting spent in this place.
 E = Time spent auto-exploring this place.
 F = Levels seen in this place.
 G = Mean time per level.
                   A        B        C        D        E       F      G
               +--------+--------+--------+--------+--------+-----+--------+
         Total |   3536 |   3301 |    235 |   1001 |   1275 |   5 |  707.2 |
       Dungeon |   3306 |   3071 |    235 |   1001 |   1275 |   4 |  826.5 |
       Ossuary |    230 |    230 |      0 |      0 |      0 |   1 |  230.0 |
               +--------+--------+--------+--------+--------+-----+--------+

Top non-repeatable levels by time:
     D:1: 1317 daAuts
     D:2: 1080 daAuts
     D:3: 754 daAuts
 Ossuary: 230 daAuts
     D:4: 154 daAuts
